 Dungeon Crawl Stone Soup version 0.27.0-65-ge2af304b15 (webtiles) character file.

Game seed: 5893417486388052459

3422 Froggeryz the Slicer (level 10, -6/94 HPs)
             Began as an Octopode Berserker on Aug 18, 2021.
             Was an Elder of Trog.
             Mangled by a slime creature (14 damage)
             ... on level 7 of the Dungeon.
             The game lasted 00:08:59 (7525 turns).

Froggeryz the Slicer (Octopode Berserker)           Turns: 7525, Time: 00:08:59

Health: -6/94      AC:  1    Str: 18    XL:     10   Next: 5%
Magic:  10/10      EV: 15    Int: 15    God:    Trog [****..]
Gold:   308        SH:  0    Dex: 14    Spells: 9/9 levels left

rFire    . . .     SeeInvis +   a - +0 short sword
rCold    . . .     Faith    .   (no shield)
rNeg     . . .     Spirit   .   (helmet restricted)
rPois    +         Reflect  .   e - amulet of the acrobat
rElec    .         Harm     .   b - ring of see invisible
rCorr    .         Rampage  .   d - ring of willpower
Will     ++...                  v - +4 ring of slaying
Stlth    ..........             (no ring)
HPRegen  0.25/turn              z - ring "Ucatz" {rPois Will+ Int+6 Slay+2}
MPRegen  0.12/turn              (no ring)
                                (no ring)
                                (no ring)

@: berserking, very quick
A: almost no armour, amphibious, 8 rings, camouflage 1, gelatinous body 1,
(nimble swimmer 1), tentacles
a: Renounce Religion, Berserk, Trog's Hand, Brothers in Arms


You were on level 7 of the Dungeon.
You worshipped Trog.
Trog was greatly pleased with you.
You visited 1 branch of the dungeon, and saw 7 of its levels.
You also visited: Ossuary.

You collected 380 gold pieces.
You spent 72 gold pieces at shops.

Inventory:

Hand Weapons
 a - a +0 short sword (weapon)
 g - a +1 hunting sling of flaming
Missiles
 c - a throwing net (quivered)
 h - 268 stones
 i - 78 sling bullets
 w - 3 curare-tipped darts
Armour
 t - the +3 buckler "Tokaodaos" {rC+}
   (You found it on level 7 of the Dungeon)

   rC:        It protects you from cold.
Jewellery
 b - a ring of see invisible (left tentacle)
 d - a ring of willpower (right tentacle)
 e - an amulet of the acrobat (around mantle)
 v - a +4 ring of slaying (on tentacle)
 y - an amulet of magic regeneration
 z - the ring "Ucatz" (on tentacle) {rPois Will+ Int+6 Slay+2}
   (You found it on level 6 of the Dungeon)

   [ring of intelligence]

   Int:       It affects your intelligence (+6).
   Slay:      It affects your accuracy & damage with ranged weapons and melee
   (+2).
   rPois:     It protects you from poison.
   Will:      It increases your willpower.
Wands
 p - a wand of iceblast (11)
 u - a wand of flame (17)
Scrolls
 f - 3 scrolls of fear
 k - a scroll of magic mapping
 l - a scroll of enchant armour
 m - a scroll of blinking
 n - 3 scrolls of teleportation
 C - 2 scrolls of silence {unknown}
Potions
 j - 4 potions of cancellation
 o - 4 potions of lignification {unknown}
 q - a potion of might {unknown}
 r - a potion of brilliance {unknown}
 s - 2 potions of mutation {unknown}
 x - 2 potions of degeneration {unknown}
 A - 3 potions of curing {unknown}
 B - a potion of heal wounds {unknown}


   Skills:
 - Level 3.0 Fighting
 - Level 10.3 Short Blades
 + Level 6.1 Dodging
 - Level 9.0 Stealth
 * Level 5.0 Shields


You had 9 spell levels left.
You didn't know any spells.
Your spell library was empty.

Dungeon Overview and Level Annotations

Branches:
Dungeon (7/15)             Temple (0/1) D:6         Ossuary (visited)

Altars:
Ashenzari
Cheibriados
Makhleb
Okawaru
Xom
Yredelemnul

Shops:
D:1 *


Innate Abilities, Weirdness & Mutations

You cannot wear most types of armour.
You are amphibious.
You can wear up to eight rings at the same time.
Your skin changes colour to match your surroundings (Stealth+).
Your rubbery body absorbs attacks. (AC +1, EV +1)
((You are camouflaged near water. (Stealth+)))
You have tentacles for arms and can constrict up to eight enemies at once.


Message History

The slime creature hits you!
You puncture the slime creature! You squeeze the slime creature.
You kill the slime creature!
Trog accepts your kill.
Your Shields skill increases to level 4! 2 slime creatures come into view.
Found a stone staircase leading down.
The slime creature quivers.
The slime creature completely misses you.
You puncture the slime creature!
You squeeze the slime creature, but do no damage.
The slime creature is lightly wounded.
The slime creature hits you but does no damage.
You puncture the slime creature!
The slime creature is moderately wounded.
The slime creature hits you.
A red film seems to cover your vision as you go berserk!
You feel yourself moving faster!
You feel mighty!
The slime creature quivers.
The slime creature completely misses you.
The slime creature hits you!
You puncture the slime creature! Your squeeze misses the slime creature.
The slime creature is lightly wounded.
You puncture the slime creature!
The slime creature is heavily wounded.
You puncture the slime creature!
The slime creature is severely wounded.
The slime creature closely misses you. The slime creature hits you!
* * * LOW HITPOINT WARNING * * *
You puncture the slime creature! You squeeze the slime creature!
You kill the slime creature!
Trog accepts your kill. The slime creature hits you!
* * * LOW HITPOINT WARNING * * *
Your Dodging skill increases to level 6!
Your Shields skill increases to level 5!
You have reached level 10!
You feel stronger.
You barely miss the slime creature. The slime creature hits you!
You die...

#........#.#.............
##.......................
####.........#..........
#.........#..........
####+##..............
#######.##..............
#>......##...........รท..
#......J##......######..
#.....J@##......#####...
#.......................
###########.............
####...##.............
####.....................
#................###.....
#.....(...<........#.....
#..................#.....
#..................#..##.


You could see 2 slime creatures.

Vanquished Creatures
  Pikel (D:7)
  2 slime creatures (D:7)
  Sigmund (D:3)
  A steam dragon (D:7)
  3 water moccasins
  A black bear (D:7)
  An ice beast (D:6)
  2 sky beasts
  2 ogres
  A phantom (D:6)
  2 lemures
  2 elf zombies (Ossuary)
  2 scorpions
  3 howler monkeys
  An electric eel (D:6)
  A centaur zombie (D:7)
  A human zombie (Ossuary)
  2 bullfrog zombies
  A jelly (D:5)
  2 orc priests
  7 hounds
  2 bullfrog skeletons (D:6)
  Ijyb (D:4)
  4 iguanas
  3 orc wizards
  A killer bee zombie (D:7)
  A hound skeleton (D:4)
  2 mummies (Ossuary)
  Robin (D:2)
  3 adders
  2 white imps (D:6)
  An adder skeleton (D:4)
  3 adder zombies (Ossuary)
  2 worms
  4 dart slugs
  11 orcs
  7 endoplasms
  3 giant cockroaches
  11 hobgoblins
  4 jackals (D:1)
  4 kobolds
  3 quokkas
  12 ball pythons
  5 bats
  3 frilled lizards
  16 goblins
  2 goblin zombies (Ossuary)
  8 hobgoblin zombies (Ossuary)
  11 kobold zombies (Ossuary)
  9 orc zombies (Ossuary)
  9 rats
  A rat zombie (Ossuary)
188 creatures vanquished.

Vanquished Creatures (others)
  6 plants (D:6)
6 creatures vanquished.

Grand Total: 194 creatures vanquished

Notes
Turn   | Place    | Note
-------+----------+-------------------------------------------
     0 | D:1      | Froggeryz the Octopode Berserker began the quest for the
                  | Orb.
     0 | D:1      | Reached XP level 1. HP: 16/16 MP: 1/1
    33 | D:1      | Found Ymaasod's Assorted Antiques.
   165 | D:1      | Reached skill level 1 in Stealth
   168 | D:1      | Reached XP level 2. HP: 21/21 MP: 2/2
   676 | D:1      | Reached XP level 3. HP: 6/26 MP: 3/3
  1436 | D:2      | Reached skill level 4 in Short Blades
  1807 | D:2      | Reached XP level 4. HP: 29/31 MP: 4/4
  1820 | D:2      | Noticed Robin
  1833 | D:2      | Reached ** piety under Trog
  1840 | D:2      | Killed Robin
  2302 | D:2      | Found a faded altar of an unknown god.
  2333 | D:3      | Noticed Sigmund
  2342 | D:3      | Killed Sigmund
  2343 | D:3      | Reached skill level 5 in Short Blades
  2343 | D:3      | Reached XP level 5. HP: 34/36 MP: 5/5
  2343 | D:3      | Reached XP level 6. HP: 40/42 MP: 6/6
  2502 | D:1      | Bought a scroll labelled BAS OH JASKUR for 24 gold pieces
  2502 | D:1      | Bought a scroll labelled CEINEA ARRE for 24 gold pieces
  2502 | D:1      | Bought a scroll labelled CEINEA ARRE for 24 gold pieces
  3049 | D:3      | Found a snail-covered altar of Cheibriados.
  3050 | D:3      | Found a basalt altar of Yredelemnul.
  3103 | D:3      | Reached skill level 6 in Short Blades
  3301 | D:4      | Noticed Ijyb
  3312 | D:4      | Killed Ijyb
  3313 | D:4      | Reached skill level 5 in Stealth
  3836 | D:5      | Entered Level 5 of the Dungeon
  3873 | D:5      | Reached XP level 7. HP: 46/46 MP: 7/7
  4143 | D:5      | Reached skill level 7 in Short Blades
  4659 | D:5      | Reached XP level 8. HP: 30/52 MP: 8/8
  4811 | D:5      | Reached skill level 8 in Short Blades
  5219 | D:6      | Reached *** piety under Trog
  5220 | D:6      | Reached skill level 9 in Short Blades
  5385 | D:6      | Identified the ring "Ucatz" {rPois Will+ Int+6 Slay+2}
  5426 | D:6      | Found an iron altar of Okawaru.
  5427 | D:6      | Found a shimmering altar of Xom.
  5527 | D:6      | Found a burning altar of Makhleb.
  5570 | D:6      | Found a staircase to the Ecumenical Temple.
  5766 | D:6      | Reached XP level 9. HP: 56/56 MP: 9/9
  5984 | D:7      | Noticed Pikel
  6070 | D:7      | Killed Pikel
  6071 | D:7      | Reached skill level 10 in Short Blades
  6121 | D:7      | Identified the +3 buckler "Tokaodaos" {rC+}
  6188 | D:7      | Reached skill level 5 in Dodging
  6188 | D:7      | Reached skill level 1 in Shields
  6398 | D:7      | Found a broken altar of Ashenzari.
  6441 | D:7      | Found a sand-covered staircase.
  6445 | Ossuary  | Entered an ossuary
  6577 | Ossuary  | Reached **** piety under Trog
  7525 | D:7      | Reached skill level 5 in Shields
  7525 | D:7      | Reached XP level 10. HP: 8/63 MP: 10/10
  7525 | D:7      | Mangled by a slime creature

Illustrated notes

Levels and vault maps discovered:
D:1:      ncdulo_wetmaze, layout_loops_corners, serial_shops,
          nicolae_shop_behind_doors
D:2:      layout_loops_ring, shapermc_ecumenical_altar_mp_vishouse, uniq_robin
D:3:      layout_rooms, gammafunk_temple_overflow_wave, serial_park_tiny_pond,
          uniq_sigmund
D:4:      kennysheep_the_goblin_king, layout_gridville
D:5:      layout_loops_cross
D:6:      layout_cave_pools, mainiacjoe_overflow_paths,
          gammafunk_temple_overflow_pools, minmay_temple_entry_waves,
          corner_web_ring, serial_bayou_pond_c, chequers_big_river, st_stairs_14
D:7:      layout_basic, lemuel_tele_altar,
          nicolae_ossuary_entry_false_entrances, kennysheep_nub, uniq_pikel

Skill      XL: |  1  2  3  4  5  6  7  8  9 |
---------------+----------------------------+-----
Stealth        | 1 2 4 5 7 9 |  9.0
Short Blades   | 4 5 6 7 9 10 | 10.3
Dodging        | 6 |  6.1
Shields        | 5 |  5.0
Fighting       | |  3.0

Action                   |  1- 3 |  4- 6 |  7- 9 | 10-12 || total
-------------------------+-------+-------+-------+-------++-------
Melee: Short sword       |    73 |    96 |   218 |     1 ||   388
       Constrict         |    18 |    24 |    48 |       ||    90
       Tentacles         |     7 |    18 |    46 |       ||    71
Invok: Berserk           |     1 |     4 |     5 |       ||    10
       Trog's Hand       |       |     2 |       |       ||     2
  Use: Scroll            |       |     4 |     8 |       ||    12
 Stab: Sleeping          |     9 |    16 |    20 |       ||    45
       Distracted        |     1 |     1 |       |       ||     2
Armor: Skin              |     4 |     7 |     8 |       ||    19
Dodge: Dodged            |    45 |    51 |    99 |       ||   195
